Map: Frozen Temple

Players

LiquidMaNa (MaNa)

  • Race: Protoss Protoss
  • League: Diamond

speaknow (ByuN) - Winner!

  • Race: Terran Terran

VOD

Have the link to the VOD?

Description

Time

  • Played on: Nov. 25, 2016, 1:10 p.m.
  • Length: 7:12
Show
View Real Time Build Order
Export as new Build Order

LiquidMaNa Protoss 

Build Orders:  

Get SALT Encoding   

  12  0:01  Probe (Chrono Boost)  
  13  0:11  Probe (Chrono Boost)  
  14  0:18  Pylon  
  14  0:22  Probe (Chrono Boost)  
  15  0:36  Probe (Chrono Boost)  
  15  0:37  Gateway  
  16  0:43  Assimilator  
  16  0:47  Probe (Chrono Boost)  
  17  0:57  Probe (Chrono Boost)  
  17  0:58  Assimilator  
  17  1:04  Gateway  
  18  1:08  Probe (Chrono Boost)  
  20  1:18  Probe (Chrono Boost)  
  20  1:25  Cybernetics Core  
  20  1:29  Probe (Chrono Boost)  
  20  1:31  Pylon  
  21  1:39  Probe (Chrono Boost)  
  22  1:50  Probe (Chrono Boost)  
  23  2:00  Warp Gate  
  23  2:02  Mothership Core (Chrono Boost), Stalker x2  
  29  2:16  Pylon  
  29  2:35  Robotics Facility  
  29  2:38  Adept x2  
  33  2:49  Gateway  
  33  3:06  Pylon x2  
  32  3:18  Pylon  
  32  3:22  Observer  
  33  3:27  Stalker  
  33  3:28  Stalker  
  37  3:48  Immortal, Probe (Chrono Boost)  
  37  4:08  Stalker x2  
  40  4:19  Stalker  
  33  5:00  Probe (Chrono Boost)  
  33  5:04  Pylon  
  33  5:07  Warp Prism  
  35  5:18  Probe (Chrono Boost)  
  36  5:30  Probe (Chrono Boost), Sentry  
  39  5:37  Sentry  
  42  5:43  Probe (Chrono Boost)  
  42  5:45  Adept  
  44  6:08  Stalker x2  
  34  6:22  Stalker  
  34  6:25  Stalker  
  22  6:33  Stalker  
  22  6:40  Probe (Chrono Boost)  
  22  6:53  Probe (Chrono Boost)  
Show
View Real Time Build Order
Export as new Build Order

speaknow Terran - Winner!

Build Orders: 1/1/1, Liberator Opening 

Get SALT Encoding   

  12  0:00  SCV  
  13  0:13  SCV  
  14  0:18  Supply Depot  
  14  0:25  SCV  
  15  0:30  Refinery  
  15  0:39  SCV  
  16  0:44  Barracks  
  16  0:51  SCV  
  17  1:03  SCV  
  18  1:15  SCV  
  19  1:31  Orbital Command, Marine  
  19  1:32  Factory  
  20  1:40  Refinery, Supply Depot  
  20  1:50  Barracks Reactor  
  20  1:57  SCV  
  21  2:09  SCV  
  22  2:17  Starport  
  22  2:19  Widow Mine  
  22  2:21  SCV  
  25  2:26  Supply Depot, Marine x2  
  27  2:33  SCV  
  28  2:44  Marine x2  
  28  2:45  SCV  
  28  2:48  Widow Mine  
  33  2:53  Medivac  
  33  2:54  Supply Depot  
  35  3:03  Marine x2  
  34  3:06  Liberator  
  34  3:13  Bunker  
  34  3:20  SCV  
  34  3:22  Marine  
  39  3:31  Cyclone  
  38  3:54  Barracks  
  38  3:55  Barracks  
  38  4:01  Supply Depot  
  38  4:03  SCV  
  39  4:14  Marine  
  40  4:21  Cyclone  
  43  4:32  SCV  
  43  4:33  Marine  
  43  4:36  Supply Depot  
  45  4:44  Marine x2  
  45  4:49  Liberator  
  43  4:53  Barracks Tech Lab  
  43  4:56  Cyclone  
  42  5:01  Marine  
  42  5:02  Marine  
  47  5:14  Marine  
  47  5:29  Marine x2  
  47  5:32  Marine  
  47  5:34  Cyclone  
  53  5:39  Liberator  
  53  5:46  Marine  
  53  5:47  Marine  
  53  5:48  Supply Depot  
  55  5:50  Marine  
  54  6:09  SCV  
  50  6:12  Marine x2  
  50  6:19  Marine  
  40  6:30  Marine x2  
  36  6:44  SCV  
  31  6:50  Marine x2  
  31  6:51  Marine  
  34  6:57  SCV  
Tags
 
Add a new tag
Caveats
  • Supply blocks, unpowered buildings, or Contaminate may cause inaccurate times.
  • Supply counts are checked every 10 seconds.